 Seeded DCSS version 0.32-a0-33-g74fbe469d6 (webtiles) character file.

Game seed: 9872065412798756122 (custom seed)

221 timneilson the Shield-Bearer (level 5, -2/33 HPs)
             Began as a Gargoyle Fighter on Jan 20, 2024.
             Slain by a wight
             ... wielding a +0 hand axe
              (8 damage)
             ... on level 6 of the Dungeon.
             The game lasted 00:03:12 (2194 turns).

timneilson the Shield-Bearer (Gargoyle Fighter)     Turns: 2194, Time: 00:03:12

Health: -2/33      AC: 16    Str: 19    XL:     5   Next: 98%
Magic:  0/5        EV:  8    Int:  9    God:
Gold:   143        SH:  6    Dex: 11    Spells: 4/4 levels left

rFire   . . .        a - +1 long sword (heavy)
rCold   . . .        c - +1 buckler
rNeg    + . .        p - +0 chain mail
rPois   ∞            m - +2 helmet
rElec   +            (no cloak)
rCorr   .            (no gloves)
SInv    .            (no boots)
Will    .....        n - amulet of guardian spirit Stlth
                     (no ring)
HPRegen 0.25/turn    (no ring)
MPRegen 0.09/turn

%: guardian spirit
@: no status effects
A: sickness immunity, AC +4, negative energy resistance 1, electricity
resistance, torment resistance 1, petrification resistance
a: no special abilities


You were on level 6 of the Dungeon.
You visited 1 branch of the dungeon, and saw 4 of its levels.

You collected 143 gold pieces.

Inventory:

Hand Weapons
 a - a +1 heavy long sword (weapon)
Armour
 c - a +1 buckler (worn)
 m - a +2 helmet (worn)
 p - a +0 chain mail (worn)
Jewellery
 n - an amulet of guardian spirit (around neck)
Wands
 i - a wand of iceblast (9)
Scrolls
 e - a scroll of revelation
 h - a scroll of fear
 j - a scroll of brand weapon
 l - a scroll of poison
 q - 2 scrolls of identify
Potions
 b - a potion of brilliance {unknown}
 d - a potion of might
 f - 2 potions of magic
 g - a potion of invisibility
 k - a potion of enlightenment {unknown}
 o - a potion of heal wounds


   Skills:
 + Level 3.8 Fighting
 * Level 3.0 Long Blades
 * Level 4.4 Armour
 + Level 1.2 Dodging
 * Level 4.4 Shields
 + Level 1.0 Evocations


You had 4 spell levels left.
You didn't know any spells.
Your spell library was empty.

Dungeon Overview and Level Annotations

Branches:
Dungeon (3/15)

Altars:
Dithmenos
Xom

Shops:
D:1 :


Innate Abilities, Weirdness & Mutations

You are immune to sickness and miasma.
Your stone body is resilient. (AC +4)
You are immune to poison.
You resist negative energy. (rN+)
You are resistant to electric shocks. (rElec)
You are resistant to unholy torment.
You are immune to petrification.


Message History

* * * LOW HITPOINT WARNING * * *
The ufetubus closely misses you. x2
You hit the ufetubus.
The ufetubus is heavily wounded.
The ufetubus hits you but does no damage. x3
The ufetubus closely misses you.
You closely miss the ufetubus.
The ufetubus is heavily wounded.
The ufetubus hits you but does no damage. x3
You block the ufetubus's attack. The sleepcap releases spores at you.
You block the ufetubus's attack.
The ufetubus hits you but does no damage.
You block the ufetubus's attack.
The ufetubus hits you but does no damage.
The ufetubus attacks as it pursues you!
The ufetubus hits you but does no damage.
The ufetubus hits you.
* * * LOW HITPOINT WARNING * * *
You slash the ufetubus!
You kill the ufetubus!
You slash the orc!
You kill the orc!
The sleepcap releases spores at you but does no damage.
Your Long Blades skill increases to level 3!
You slash the sleepcap!
The sleepcap is heavily damaged.
The sleepcap releases spores at you but does no damage. x2
You hit the sleepcap but do no damage.
The sleepcap is heavily damaged.
The sleepcap releases spores at you but does no damage. x2
Unknown command.
You slash the sleepcap!
You destroy the sleepcap!
The wight hits you but does no damage.
Your Evocations skill increases to level 1!
You closely miss the wight. The wight hits you with a +0 hand axe!
* * * LOW HITPOINT WARNING * * *
Unknown command.
You barely miss the wight. The wight hits you with a +0 hand axe!
You die...

#..#.#.#.#.#.#z#.#.
####.#.#.#.#.#.#z#.#.#
#.....#z#.#.#.#.#5#.#.
#.####.#.#.#.#.#.#o#.#
###.###.#o#.#.#.#.#.#z#)
......f#.#.#.#.#.#.#.#f#
###.###.#.#.#.#.#.#.#.#.
##z#.#.#.#.#.#.#.#
#@#.#.#.#.#.#.#.#.
##.#.#.#.#.#.#.#.#
..#.#.#.#.#.#.#.#.
..#.#.#.#.#.#.#.#.#
###.#.#.#.#.#.#.#.#.
..#.#.#.#.#.#.#.#.#
#.#.#.#.#.#.#.#.#.#.
#.##.#.#.#.#.#.#.#.#
..#.#.#.#.#.#.#.#.


You could see a wight.

Vanquished Creatures
  2 wights (D:6)
  2 sleepcaps (D:6)
  2 adders
  2 ufetubi (D:6)
  A ribbon worm (D:3)
  3 orcs (D:6)
  A bat (D:1)
  6 endoplasms
  A giant cockroach (D:2)
  3 goblins
  4 hobgoblins (D:2)
  A ball python (D:2)
  2 frilled lizards (D:1)
  5 kobolds
  4 rats
39 creatures vanquished.

Notes
Turn   | Place    | Note
-------+----------+-------------------------------------------
     0 | D:1      | timneilson the Gargoyle Fighter began the quest for the
                  | Orb.
     0 | D:1      | Reached XP level 1. HP: 14/14 MP: 1/1
   264 | D:1      | Found Logiotz's Book Emporium.
   333 | D:1      | Reached XP level 2. HP: 15/19 MP: 2/2
  1118 | D:2      | Reached XP level 3. HP: 23/23 MP: 3/3
  1559 | D:2      | Found a faded altar of an unknown god.
  2015 | D:3      | Found a shadowy altar of Dithmenos.
  2017 | D:3      | Found a shimmering altar of Xom.
  2097 | D:3      | You fall into a shaft and drop 3 floors!
  2127 | D:6      | Reached XP level 4. HP: 28/28 MP: 4/4
  2169 | D:6      | Reached skill level 1 in Dodging
  2169 | D:6      | Reached XP level 5. HP: 16/33 MP: 3/5
  2193 | D:6      | Reached skill level 1 in Evocations
  2194 | D:6      | Slain by a wight

Illustrated notes

Levels and vault maps discovered:
D:1:      dpeg_arrival_stone_temple_mockup, layout_loops_corners, serial_shops,
          shop, minmay_split_cup_large
D:2:      layout_basic, chequers_ecumenical_altar_grove, chequers_jeans
D:3:      cheibrodos_thug_alley, layout_rooms, grunt_temple_overflow_opulence,
          grunt_temple_overflow_open, biasface_ghost_orc_armoury, uniq_sigmund
D:6:      layout_basic

Skill      XL: |  1  2  3  4  5 |
---------------+----------------+-----
Long Blades    | 2 3 |  3.0
Armour         | 4 |  4.4
Shields        | 4 |  4.4
Dodging        | 1 |  1.2
Evocations     | 1 |  1.0
Fighting       | |  3.8

Action                     |  1- 3 |  4- 6 || total
---------------------------+-------+-------++-------
  Melee: Long sword        |    83 |    24 ||   107
    Use: Scroll            |    12 |       ||    12
 Armour: Scale mail        |    45 |       ||    45
         Chain mail        |    26 |    67 ||    93
  Dodge: Dodged            |    49 |    27 ||    76
  Block: Buckler           |    20 |    17 ||    37

Table legend: (Time is in decaauts)
 A = Elapsed time spent in this place.
 B = Non-inter-level travel time spent in this place.
 C = Inter-level travel time spent in this place.
 D = Time resting spent in this place.
 E = Time spent auto-exploring this place.
 F = Levels seen in this place.
 G = Mean time per level.
                   A        B        C        D        E       F      G
               +--------+--------+--------+--------+--------+-----+--------+
         Total |   2274 |   2120 |    154 |      0 |   1635 |   4 |  568.5 |
       Dungeon |   2274 |   2120 |    154 |      0 |   1635 |   4 |  568.5 |
               +--------+--------+--------+--------+--------+-----+--------+

Top non-repeatable levels by time:
     D:2: 980 daAuts
     D:1: 948 daAuts
     D:3: 226 daAuts
     D:6: 119 daAuts
